Map: Dusk Towers

Players

AcerBly (Bly) - Winner!

  • Race: Zerg Zerg
  • League: Grandmaster

БольшойБОСС

  • Race: Terran Terran
  • League: Grandmaster

Event: Gauntlet LotV Series 1 Qualifier 2

VOD

Have the link to the VOD?

Description

Time

  • Played on: Dec. 5, 2015, 5:51 p.m.
  • Length: 15:24

All games in this series

Show
View Real Time Build Order
Export as new Build Order

AcerBly Zerg - Winner!

Build Orders: Hatch First 

Get SALT Encoding   

  12  0:01  Drone  
  13  0:12  Overlord  
  13  0:18  Drone  
  14  0:31  Drone x2  
  16  0:36  Drone  
  17  0:53  Hatchery  
  17  0:56  Drone  
  17  1:01  Extractor  
  16  1:12  Spawning Pool  
  16  1:13  Drone  
  16  1:16  Drone  
  17  1:20  Drone  
  18  1:27  Drone  
  19  1:38  Overlord  
  19  1:58  Queen  
  19  1:59  Zergling x2  
  19  2:00  Zergling x2  
  23  2:03  Metabolic Boost  
  23  2:05  Queen  
  23  2:08  Zergling x2  
  26  2:13  Drone  
  27  2:15  Drone  
  27  2:22  Drone  
  29  2:35  Drone  
  30  2:38  Overlord  
  30  2:39  Drone  
  30  2:53  Queen  
  30  2:57  Drone x3  
  35  3:08  Drone x4  
  39  3:18  Hatchery  
  38  3:21  Drone x2  
  38  3:22  Drone  
  38  3:26  Overlord  
  41  3:31  Drone  
  41  3:32  Drone  
  43  3:36  Overlord  
  43  3:40  Drone x2  
  43  3:47  Overlord  
  43  3:50  Lair  
  43  3:51  Zergling x4  
  45  3:56  Zergling x4  
  45  3:57  Zergling x2  
  48  4:07  Zergling x6  
  48  4:08  Zergling x2  
  43  4:18  Drone x3  
  46  4:24  Drone x3  
  46  4:29  Drone  
  50  4:36  Drone x2  
  52  4:48  Drone x3  
  57  4:52  Drone x2  
  57  4:53  Drone x3  
  57  4:58  Extractor x2  
  57  5:00  Drone x4, Roach Warren  
  60  5:07  Drone x2  
  60  5:10  Overlord  
  60  5:14  Drone x2  
  60  5:25  Drone x3  
  63  5:30  Spore Crawler x2  
  63  5:33  Drone x6  
  64  5:37  Zergling x8  
  64  5:40  Queen x2  
  72  5:44  Overlord  
  72  5:47  Glial Reconstitution, Extractor  
  72  5:49  Overlord x2  
  71  5:59  Evolution Chamber  
  71  6:00  Overlord  
  71  6:01  Evolution Chamber  
  69  6:06  Drone x3  
  69  6:31  Drone x3  
  69  6:34  Overlord  
  69  6:35  Zerg Missile Weapons Level 1  
  69  6:36  Zerg Ground Armor Level 1  
  69  6:37  Drone x6  
  77  6:40  Roach x6  
  77  6:44  Overlord  
  77  6:46  Overlord  
  87  7:01  Roach  
  87  7:02  Roach x3  
  87  7:03  Ravager x2  
  87  7:04  Ravager x4  
  87  7:08  Roach x4  
  107  7:09  Extractor  
  108  7:16  Roach  
  108  7:17  Roach x3  
  108  7:21  Drone x3  
  119  7:23  Pneumatized Carapace  
  119  7:25  Overseer  
  116  7:34  Roach  
  116  7:35  Roach x2  
  116  7:36  Overlord  
  118  7:39  Drone x3  
  118  7:41  Extractor  
  118  7:43  Overlord x3  
  120  7:49  Overlord x2, Infestation Pit  
  119  8:06  Roach  
  119  8:07  Roach x6  
  119  8:09  Overlord  
  119  8:10  Hatchery  
  132  8:15  Roach x6  
  132  8:17  Overlord  
  146  8:27  Roach x6  
  146  8:33  Overlord  
  156  8:37  Roach  
  156  8:38  Overlord  
  158  8:44  Overlord  
  158  8:52  Overlord  
  158  8:58  Overlord, Zerg Ground Armor Level 2, Zerg Missile Weapons Level 2  
  158  9:11  Drone x2  
  158  9:12  Drone x2, Infestor  
  158  9:13  Infestor  
  166  9:19  Infestor  
  166  9:21  Drone x6  
  166  9:23  Extractor  
  173  9:27  Extractor  
  172  9:36  Roach x8  
  187  9:42  Hive  
  187  9:47  Hatchery  
  187  9:52  Spine Crawler  
  185  9:55  Spore Crawler  
  184  10:02  Infestor x2  
  188  10:07  Queen  
  188  10:12  Roach x5  
  188  10:13  Overlord  
  200  10:23  Hydralisk Den  
  200  10:35  Drone  
  200  10:37  Tunneling Claws  
  200  10:39  Burrow  
  199  10:56  Adrenal Glands  
  199  10:59  Ultralisk Cavern  
  198  11:14  Zerg Melee Weapons Level 1  
  183  11:30  Roach x12  
  183  11:31  Roach x7  
  193  11:44  Overlord  
  193  11:46  Zerg Ground Armor Level 3  
  193  11:49  Chitinous Plating, Ravager  
  193  11:51  Ultralisk  
  171  12:01  Roach x12  
  150  12:11  Ultralisk x3  
  152  12:17  Roach x9  
  146  12:36  Roach x3  
  146  12:38  Ultralisk x2  
  146  12:40  Roach x2  
  158  12:48  Ravager x4  
  152  13:15  Ultralisk x3  
  152  13:17  Zergling x16  
  178  13:22  Drone x3  
  181  13:30  Drone  
  181  13:31  Drone x4  
  181  13:33  Drone  
  187  13:41  Extractor  
  186  13:46  Extractor  
  175  14:00  Infestor x2  
  175  14:02  Viper x3  
  179  14:08  Spire, Spine Crawler  
  179  14:09  Drone x2, Spine Crawler  
  185  14:10  Drone, Spore Crawler  
  171  14:30  Ultralisk x3  
  188  14:36  Zergling x12  
Show
View Real Time Build Order
Export as new Build Order

БольшойБОСС Terran 

Build Orders: Liberator Opening, Reaper Expand, MMM Bio 

Get SALT Encoding   

  12  0:00  SCV  
  13  0:13  SCV  
  14  0:17  Supply Depot  
  14  0:25  SCV  
  15  0:39  SCV  
  15  0:40  Barracks  
  16  0:44  Refinery  
  16  0:51  SCV  
  17  1:03  SCV  
  18  1:15  SCV  
  19  1:28  Orbital Command  
  19  1:29  Reaper  
  20  1:39  Command Center  
  20  1:49  Supply Depot  
  20  1:53  SCV  
  21  1:57  Refinery  
  21  2:00  Marine  
  22  2:05  SCV  
  23  2:12  Factory  
  23  2:17  SCV  
  23  2:22  Barracks Reactor  
  24  2:29  SCV  
  25  2:42  SCV  
  26  2:53  Orbital Command  
  26  2:54  SCV  
  27  3:01  Starport  
  27  3:04  Hellion x2  
  31  3:07  SCV  
  32  3:12  Barracks Reactor  
  32  3:19  SCV  
  33  3:20  SCV  
  33  3:26  Hellion x2  
  38  3:28  Supply Depot  
  38  3:31  SCV  
  38  3:32  SCV  
  40  3:35  Liberator x2  
  39  3:43  SCV  
  39  3:44  SCV  
  41  3:52  Refinery  
  41  3:54  Barracks Tech Lab  
  47  3:55  SCV  
  47  3:58  SCV  
  47  4:01  Barracks  
  49  4:04  Barracks  
  49  4:07  SCV, Factory Reactor  
  50  4:10  SCV  
  45  4:19  Marine  
  45  4:20  SCV, Stimpack  
  45  4:22  SCV  
  46  4:26  Refinery  
  46  4:32  SCV, Supply Depot  
  46  4:33  Liberator  
  46  4:34  SCV  
  46  4:37  Marine  
  49  4:44  SCV  
  54  4:45  Hellion  
  54  4:46  Hellion  
  54  4:47  Marine x2  
  53  4:53  SCV  
  53  4:54  Marine  
  53  4:57  Marine  
  54  5:05  Marine x2  
  53  5:10  SCV  
  53  5:11  SCV  
  53  5:12  Marine  
  53  5:15  Marine  
  53  5:22  SCV  
  53  5:23  Marine  
  53  5:25  Marine  
  53  5:28  SCV  
  57  5:34  SCV  
  58  5:35  Factory Tech Lab  
  58  5:40  SCV  
  59  5:43  Supply Depot  
  59  5:44  Engineering Bay  
  59  5:46  SCV  
  59  5:47  Liberator  
  59  5:48  Marine  
  61  5:52  SCV  
  62  6:04  SCV, Marine x2  
  62  6:06  Command Center  
  62  6:09  SCV  
  69  6:17  SCV  
  70  6:25  Terran Infantry Weapons Level 1, Engineering Bay  
  70  6:27  Marine x3  
  70  6:36  Liberator  
  70  6:37  Combat Shields  
  70  6:51  Barracks  
  70  6:53  SCV, Siege Tank, Barracks, Marine  
  78  6:54  SCV, Marine x2  
  78  6:55  Supply Depot  
  78  6:56  Terran Infantry Armor Level 1  
  78  7:12  Supply Depot  
  78  7:16  Marine x2  
  78  7:17  SCV x2, Medivac  
  78  7:21  Armory, Orbital Command  
  84  7:26  Marine  
  84  7:28  Siege Tank  
  88  7:33  Marine  
  88  7:35  Marine  
  87  7:37  Medivac  
  87  7:39  Barracks Reactor  
  87  7:40  Barracks Reactor  
  87  7:42  Marine  
  90  7:50  Medivac  
  90  7:51  SCV  
  93  7:53  Marine  
  93  7:55  Marine  
  93  7:56  Orbital Command  
  95  8:01  Marauder, Marine  
  95  8:02  Siege Tank  
  95  8:03  SCV  
  102  8:10  Medivac  
  104  8:14  SCV  
  104  8:15  Refinery  
  104  8:17  Refinery, Marine  
  106  8:20  Concussive Shells  
  106  8:22  SCV x2  
  106  8:26  SCV  
  109  8:32  Terran Infantry Weapons Level 2  
  109  8:40  Supply Depot  
  109  8:41  Supply Depot  
  109  9:02  Marauder, SCV, Medivac x2, Marine x4  
  117  9:03  SCV, Marine  
  117  9:04  Supply Depot x2  
  117  9:05  Supply Depot  
  117  9:06  Terran Infantry Armor Level 2  
  117  9:09  Marine x2  
  118  9:10  SCV  
  118  9:14  SCV  
  118  9:15  SCV  
  121  9:18  Terran Vehicle Weapons Level 1  
  121  9:24  Factory, Marauder  
  123  9:25  Siege Tank  
  123  9:26  Marine x2  
  128  9:32  SCV  
  128  9:33  Supply Depot  
  128  9:34  Marine x2  
  128  9:35  Marine  
  132  9:43  Medivac  
  132  9:44  Marine x2, Medivac  
  132  9:45  Marauder  
  140  9:51  Marine  
  141  9:59  Marine  
  141  10:00  Siege Tank  
  141  10:03  Supply Depot x2, Marine  
  141  10:06  Marauder  
  148  10:07  Marine  
  149  10:15  Factory Tech Lab  
  149  10:20  Barracks, Marine  
  150  10:21  Command Center  
  150  10:24  Marine  
  150  10:26  Marine  
  150  10:27  Medivac  
  150  10:28  Marauder  
  156  10:32  Siege Tank  
  156  10:33  Supply Depot  
  156  10:34  Supply Depot  
  156  10:35  Siege Tank  
  162  10:40  Marine  
  162  10:42  Marine x2  
  165  10:49  Marauder  
  167  10:50  Marine  
  167  10:52  Terran Infantry Weapons Level 3  
  168  10:57  Marine x2  
  168  11:00  Medivac  
  168  11:02  Marine  
  173  11:04  Siege Tank  
  173  11:07  Siege Tank  
  173  11:08  Barracks Tech Lab  
  173  11:09  Marine  
  173  11:11  Marauder  
  174  11:23  Marine  
  171  11:27  Marauder, Marine  
  171  11:32  Marauder, Marine  
  166  11:34  Medivac  
  166  11:37  Siege Tank  
  166  11:39  Siege Tank  
  174  11:41  Terran Infantry Armor Level 3  
  174  11:42  SCV  
  174  11:44  Marine x2  
  174  11:46  Terran Vehicle Weapons Level 2  
  177  11:47  Marine  
  177  11:49  Marine, Marauder  
  177  11:51  Refinery  
  177  11:52  Marine x2  
  177  11:53  Marauder  
  185  11:59  Marine  
  172  12:07  Marine  
  144  12:10  Marine, Marauder  
  144  12:14  Marine  
  144  12:15  Marauder  
  132  12:19  Planetary Fortress  
  132  12:20  Missile Turret  
  123  12:23  Missile Turret, Marine x3  
  123  12:27  SCV  
  123  12:28  SCV  
  122  12:31  SCV, Marauder  
  122  12:36  Marauder  
  127  12:40  SCV x2  
  129  12:47  SCV, Missile Turret  
  130  12:54  Marine  
  130  12:55  Marauder  
  130  12:59  Marine  
  130  13:00  Marauder  
  131  13:10  Marine x4  
  131  13:11  Siege Tank  
  131  13:12  Marine  
  138  13:15  SCV  
  138  13:16  Marauder  
  142  13:23  Marine, Medivac x2  
  147  13:28  Siege Tank  
  147  13:29  Marine  
  147  13:32  Marine  
  147  13:33  Marine  
  153  13:35  Marine  
  154  13:44  Marine  
  154  13:45  Marine, Marauder  
  151  13:57  Marauder, Marine  
  151  14:02  Siege Tank  
  157  14:03  Ghost Academy  
  157  14:06  SCV  
  157  14:08  Marine  
  159  14:17  Marine  
  159  14:18  Marauder  
  159  14:22  Marauder, Marine  
  112  14:32  Marine  
  112  14:33  Marine  
  106  14:39  Marauder  
  106  14:44  Marauder, Marine  
  75  15:01  Marauder  
Tags
 
Add a new tag
Caveats
  • Supply blocks, unpowered buildings, or Contaminate may cause inaccurate times.
  • Supply counts are checked every 10 seconds.